 Dungeon Crawl Stone Soup version 0.29.1-12-g30fa7ad0bf (webtiles) character file.

Game seed: 3822851746185971290

1594504 wingedge the Worldbinder (level 27, 165/165 HPs)
             Began as a Gargoyle Earth Elementalist on Jan 8, 2023.
             Was the Champion of Cheibriados.
             Escaped with the Orb
             ... and 3 runes on Jan 9, 2023!
             The game lasted 07:07:09 (85025 turns).

wingedge the Worldbinder (GrEE)                    Turns: 85025, Time: 07:07:10

Health: 165/165    AC: 52    Str: 28    XL:     27
Magic:  40/42      EV: 22    Int: 51    God:    Cheibriados [******]
Gold:   3025       SH: 28    Dex: 30    Spells: 3/56 levels left

rFire   + + +      SeeInvis +   a - +9 rapier (elec)
rCold   + . .      Faith    .   i - +5 kite shield {reflect}
rNeg    + + .      Spirit   .   W - +6 scale mail "Coj Icwu" {rN+ Will+ Dex-4}
rPois   ∞          Reflect  +   S - +2 hat {Int+3}
rElec   +          Harm     .   y - +2 cloak {Will+}
rCorr   +          Rampage  .   R - +2 pair of gloves of the Scorching Gods {rF+++ Will- Str-5 Dex+3}
Will    +++..      Archmagi +   A - +3 pair of mountain boots {steadfast, rC+}
Stlth   +......... Clarity  +   M - amulet of Scepticism {Reflect rElec Regen+ rCorr SH+5}
HPRegen 1.17/turn               c - ring of the Mage {Wiz Archmagi}
MPRegen 0.28/turn               E - ring of Wiozasm {Int+6 Dex+7 SInv}

@: flying, studying 2 skills, very slow
A: sickness immunity, AC +20, big wings, negative energy resistance 1,
electricity resistance, torment resistance 1, petrification resistance, clarity,
fire resistance 1, frail 1, strong 1
0: Orb of Zot
}: 3/15 runes: decaying, serpentine, slimy
a: Renounce Religion, Bend Time, Temporal Distortion, Slouch, Step From Time


You escaped.
You worshipped Cheibriados.
Cheibriados was exalted by your worship.
You visited 10 branches of the dungeon, and saw 51 of its levels.
You visited 2 bazaars.
You also visited: Ice Cave, Volcano and Wizlab.

You collected 7008 gold pieces.
You spent 3983 gold pieces at shops.

Inventory:

Hand Weapons
 a - a +9 rapier of electrocution (weapon)
 b - the +6 rapier of Deformation {drain, rElec rN++ Str-5 Int+3}
   (You found it on level 3 of the Snake Pit)

   A truly terrible weapon, it drains the life of any living foe it strikes.
   Str:       It affects your strength (-5).
   Int:       It affects your intelligence (+3).
   rElec:     It insulates you from electricity.
   rN:        It greatly protects you from negative energy.
Missiles
 H - 8 throwing nets
Armour
 i - a +5 kite shield of reflection (worn)
 y - a +2 cloak of willpower (worn)
 A - the +3 pair of mountain boots (worn) {steadfast, rC+}
   (You acquired it on level 1 of the Snake Pit)

   It prevents involuntary movement, except for blinking, teleportation, or
   banishment.
   rC:        It protects you from cold.
 R - the +2 pair of gloves of the Scorching Gods (worn) {rF+++ Will- Str-5 Dex+3}
   (You took it off Nikola on level 3 of the Swamp)

   Str:       It affects your strength (-5).
   Dex:       It affects your dexterity (+3).
   rF:        It renders you almost immune to fire.
   Will:      It decreases your willpower.
 S - a +2 hat of intelligence (worn)
 W - the +6 scale mail "Coj Icwu" (worn) {rN+ Will+ Dex-4}
   (You found it on level 4 of the Depths)

   Dex:       It affects your dexterity (-4).
   rN:        It protects you from negative energy.
   Will:      It increases your willpower.
Magical Staves
 e - a staff of earth
 o - a staff of conjuration
Jewellery
 c - the ring of the Mage (left hand) {Wiz Archmagi}
   (You took it off a deep elf blademaster on level 3 of the Elven Halls)

   [ring of wizardry]

   It improves your spell success rate.
   Archmagi:  It increases the power of your magical spells.
 q - a +4 ring of evasion
 x - a ring of willpower
 B - an amulet of magic regeneration
 E - the ring of Wiozasm (right hand) {Int+6 Dex+7 SInv}
   (You found it in a wizard's laboratory)

   [ring of intelligence]

   Int:       It affects your intelligence (+6).
   Dex:       It affects your dexterity (+7).
   SInv:      It lets you see invisible.
 F - the ring of Spite {rPois Int+4 Stlth+}
   (You found it on level 5 of the Pits of Slime)

   [ring of poison resistance]

   Int:       It affects your intelligence (+4).
   rPois:     It protects you from poison.
   Stlth:     It makes you more stealthy.
 G - a +4 ring of slaying
 M - the amulet of Scepticism (around neck) {Reflect rElec Regen+ rCorr SH+5}
   (You found it on level 6 of the Dungeon)

   [amulet of reflection]

   It reflects blocked missile attacks.
   rElec:     It insulates you from electricity.
   Regen:     It increases your rate of health regeneration.
   rCorr:     It protects you from acid and corrosion.
   SH:        It affects your SH (+5).
 N - an amulet of faith
 Q - the amulet of Budgh {rPois rC+ Will+ Regen+ Int-4}
   (You bought it in a shop in a bazaar)

   [amulet of regeneration]

   Int:       It affects your intelligence (-4).
   rC:        It protects you from cold.
   rPois:     It protects you from poison.
   Regen:     It increases your rate of health regeneration.
   Will:      It increases your willpower.
 X - a ring of resist corrosion
Wands
 s - a wand of acid (3)
 L - a wand of digging (12)
Scrolls
 f - 2 scrolls of magic mapping
 h - 4 scrolls of poison
 k - 8 scrolls of brand weapon
 l - 19 scrolls of teleportation
 m - 4 scrolls of enchant weapon
 n - 3 scrolls of summoning
 r - a scroll of enchant armour
 v - a scroll of blinking
 K - 5 scrolls of amnesia
 T - 12 scrolls of butterflies
 U - 3 scrolls of silence
 Y - 6 scrolls of immolation
 Z - 7 scrolls of fear
Potions
 d - 2 potions of magic
 j - 14 potions of might
 p - 9 potions of mutation
 t - 5 potions of cancellation
 u - 12 potions of brilliance
 w - 3 potions of ambrosia
 z - 7 potions of heal wounds
 C - 4 potions of invisibility
 J - 31 potions of curing
 O - 6 potions of resistance
Miscellaneous
 g - a phantom mirror
 D - a box of beasts


   Skills:
 - Level 22.0 Fighting
 - Level 10.0 Short Blades
 - Level 18.0 Armour
 + Level 12.1 Dodging
 - Level 2.1 Stealth
 - Level 18.0 Shields
 - Level 15.0 Spellcasting
 - Level 14.0 Conjurations
 - Level 24.0 Summonings
 - Level 3.0 Necromancy
 - Level 10.0 Translocations
 - Level 0.7 Transmutations
 - Level 6.0 Fire Magic
 - Level 13.0 Earth Magic
 - Level 14.0 Invocations


You had 3 spell levels left.
You knew the following spells:

 Your Spells              Type           Power      Damage    Failure   Level
a - Malign Gateway        Summ/Tloc      71%        N/A       1%          7
b - Dragon's Call         Summ           81%        N/A       2%          9
c - Passwall              Tmut/Erth      86%        N/A       1%          2
d - Lee's Rapid Deconstr  Erth           65%        3d31*     1%          5
e - Iron Shot             Conj/Erth      66%        9d12      1%          6
f - Iskenderun's Mystic   Conj/Tloc      100%       2d19      1%          4
g - Borgnjor's Vile Clut  Necr/Erth      55%        N/A       1%          5
h - Starburst             Conj/Fire      59%        6d16      1%          6
i - Blink                 Tloc           100%       N/A       1%          2
j - Spellforged Servitor  Conj/Summ      74%        N/A       1%          7

Your spell library contained the following spells:

 Spells                   Type           Power      Damage    Failure   Level
 Sandblast                Erth           100%       2d20      0%          1
 Searing Ray              Conj           100%       2d8       0%          2
 Stone Arrow              Conj/Erth      100%       3d13      0%          3
 Beastly Appendage        Tmut           100%       N/A       1%          1
 Shock                    Conj/Air       100%       1d9       1%          1
 Sting                    Tmut/Pois      100%       1d8       1%          1
 Wereblood                Tmut           62%        N/A       1%          2
 Conjure Flame            Conj/Fire      100%       6-21      1%          3
 Dazzling Flash           Conj/Hex       100%       N/A       1%          3
 Frozen Ramparts          Ice            100%       1d16      1%          3
 Gell's Gravitas          Tloc           100%       N/A       1%          3
 Ignite Poison            Fire/Tmut/Pois 75%        N/A       1%          3
 Inner Flame              Hex/Fire       80%        N/A       1%          3
 Lesser Beckoning         Tloc           100%       N/A       1%          3
 Ozocubu's Armour         Ice            55%        N/A       1%          3
 Spider Form              Tmut/Pois      58%        N/A       1%          3
 Summon Guardian Golem    Hex/Summ       100%       N/A       1%          3
 Swiftness                Air            55%        N/A       1%          3
 Teleport Other           Tloc           100%       N/A       1%          3
 Tukima's Dance           Hex            55%        N/A       1%          3
 Animate Armour           Summ/Erth      100%       N/A       0%          4
 Summon Cactus Giant      Summ           81%        N/A       0%          6
 Animate Dead             Necr           80%        N/A       1%          4
 Fulminant Prism          Conj/Hex       52%        3d23      1%          4
 Leda's Liquefaction      Hex/Erth       51%        N/A       1%          4
 Passage of Golubria      Tloc           100%       N/A       1%          4
 Petrify                  Tmut/Erth      100%       N/A       1%          4
 Sticky Flame             Conj/Fire      100%       2d11      1%          4
 Summon Ice Beast         Ice/Summ       100%       N/A       1%          4
 Summon Lightning Spire   Summ/Air       100%       N/A       1%          4
 Fireball                 Conj/Fire      59%        3d23      1%          5
 Irradiate                Conj/Tmut      53%        3d29      1%          5
 Manifold Assault         Tloc           100%       N/A       1%          5
 Summon Forest            Summ/Tloc      71%        N/A       1%          5
 Summon Mana Viper        Hex/Summ       100%       N/A       1%          5
 Dispersal                Tloc           59%        N/A       1%          6
 Monstrous Menagerie      Summ           81%        N/A       1%          7
 Orb of Destruction       Conj           67%        9d16      1%          7
 Summon Horrible Things   Summ           81%        N/A       1%          8
 Anguish                  Hex/Necr       34%        N/A       2%          4
 Airstrike                Air            27%        2d(4-20)  4%          4
 Cause Fear               Hex            27%        N/A       4%          4
 Ice Form                 Ice/Tmut       58%        N/A       4%          4
 Olgreb's Toxic Radiance  Pois           55%        N/A       4%          4
 Agony                    Necr           80%        N/A       4%          5
 Conjure Ball Lightning   Conj/Air       52%        3x3d18    4%          6
 Blade Hands              Tmut           31%        N/A       11%         5
 Alistair's Intoxication  Tmut/Pois      38%        N/A       12%         5
 Yara's Violent Unravell  Hex/Tmut       29%        3d12      12%         5
 Metabolic Englaciation   Hex/Ice        27%        N/A       14%         5
 Silence                  Hex/Air        27%        N/A       14%         5
 Disjunction              Tloc           59%        N/A       45%         8
 Eringya's Noxious Bog    Tmut/Pois      29%        N/A       52%         6
 Ignition                 Fire           49%        3d14      93%         8
 Dragon Form              Tmut           31%        N/A       95%         7
 Storm Form               Tmut/Air       29%        N/A       97%         7
 Enfeeble                 Hex            27%        N/A       98%         7
 Ozocubu's Refrigeration  Ice            27%        4d13      98%         7
 Discord                  Hex            27%        N/A       100%        8
 Maxwell's Capacitive Co  Air            27%        ∞         100%        8
 Fire Storm               Conj/Fire      59%        8d15      100%        9
 Statue Form              Tmut/Erth      Unusable   N/A       N/A         6

Dungeon Overview and Level Annotations

Branches:
Dungeon (15/15)            Temple (0/1) D:5            Lair (5/5) D:9
  Swamp (4/4) Lair:3        Snake (4/4) Lair:2        Slime (5/5) Lair:4
    Orc (2/2) D:10            Elf (3/3) Orc:2        Vaults (4/5) D:13
  Crypt (0/3) Vaults:3     Depths (4/4) D:15            Zot (5/5) Depths:4
  IceCv (visited)         Volcano (visited)          WizLab (visited)

Altars:
Cheibriados
Elyvilon
Fedhas
Gozag
Kikubaaqudgha
Makhleb
Nemelex Xobeh
Sif Muna
Trog
Uskayaw
Vehumet
Wu Jian
Xom
Yredelemnul
Zin
The Shining One
Jiyva
Lugonu

Shops:
D:2 :   D:14 [   Orc:2 :=[=   Elf:3 *=*   Snake:2 :   Snake:4 ([?!   Vaults:2 (
Depths:3 (

Portals:
Hell: Depths:1 Depths:2 Depths:3 Depths:4
Abyss: Orc:1 Lair:5 Depths:2 Depths:3 Depths:4
Pandemonium: Depths:2 Depths:4
Ziggurat: Depths:4
Trove: Elf:2 (give 11 potions of heal wounds)

Annotations:
Orc:2 3 runed translucent doors, OhItsWolfy's ghost, journeyman GrHu; iamoutofideas's ghost, journeyman HOBe; lotum's ghost, journeyman DsFi
Vaults:1 3 runed translucent doors, SirLogeyBear's ghost, adept HOBe
Zot:1 2 transporters, Toelubet's ghost, veteran CeHu


Innate Abilities, Weirdness & Mutations

You are immune to sickness and miasma.
Your stone body is resilient. (AC +20)
You are immune to poison.
Your large and strong wings let you fly.
You resist negative energy. (rN+)
You are resistant to electric shocks. (rElec)
You are resistant to unholy torment.
You are immune to petrification.
You possess an exceptional clarity of mind.
Your flesh is heat resistant. (rF+)
You are frail. (-10% HP)
Your muscles are strong. (Str +4, Int/Dex -1)


Message History

The ynoxinul is severely wounded.
The ynoxinul gestures.
You puncture the ynoxinul!
The ynoxinul is almost dead.
You block the ynoxinul's attack. You block the ufetubus's attack. x2
The ufetubus misses you. The ufetubus closely misses you.
You impale the ynoxinul!!
You kill the ynoxinul!
Cheibriados thoroughly appreciates the change of pace.
The ufetubus disappears in a puff of smoke! x3
(D) Dungeon (T) Temple (L) Lair (S) Swamp (P) Snake Pit (M) Slime Pits (O) Orcish Mines (E) Elven Halls (V) Vaults (C) Crypt (U) Depths (H) Hell (Z) Zot
Where to? (Enter - D:1, ? - help)
What level of the Dungeon? (default 1, ? - help)
You can once more reach out to the dragon horde.
Magic restored.
There is a stone staircase leading up here.
You fly upwards.
There is a stone staircase leading down here.
There is a stone staircase leading up here.
You fly upwards.
There is a stone staircase leading down here.
A shadow demon comes into view.
Casting: Dragon's Call (dangerous; 2% risk of failure)
Confirm with . or Enter, or press ? or * to list all spells.
Aiming: Iron Shot (mildly dangerous; 1% risk of failure)
Press: ? - help, Shift-Dir - straight line, f - shadow demon
Aim: a shadow demon (76% to hit)
You feel a surge of power!
The iron shot hits the shadow demon!!!
You kill the shadow demon!
Cheibriados appreciates the change of pace.
Aiming: Dig
Press: ? - help, Shift-Dir - straight line, f - you Please select a direction to dig.
This square is covered in magical glow.
The rock shatters into small pieces.
There is a staircase leading out of the dungeon here.
You have escaped!

......#.###..##.....∩####
....#...###..##.....∩#
........##...##.....∩#####
....###.##...##.....##...#
....###.#....#......#....#
##..##....#..###...##....######
#.......##..# #...##.###.....#
##...#.####..###..###.# #.....#
#......####.....@...#.# #.....#
.............########.###.....#
..............................#
..>.........#....##.#####.....#
............#####......##.....#
.......................##.....#
.#..........#####......##.....#
##..........# ########...####
##..........# ##..###


There were no monsters in sight!

Vanquished Creatures
  the Royal Jelly (Slime:5)
  A dread lich (Zot:5)
  2 orbs of fire
  Vv (Depths:4)
  Bai Suzhen (Depths:1)
  2 caustic shrikes (Depths:3)
  A golden dragon (Zot:4)
  Nikola (Swamp:3)
  A Hellbinder (WizLab)
  3 electric golems
  Jorgrun (Orc:1)
  A lich (Depths:3)
  10 tentacled monstrosities
  A walking crystal tome (Depths:2)
  9 Orb Guardians (Zot:5)
  4 quicksilver dragons
  A deep elf master archer (Elf:3)
  2 death cobs
  14 acid blobs
  Gastronok (D:10)
  A shadow dragon (Zot:1)
  The ghost of Segg the Thaumaturge, an adept GnSk of Makhleb (Orc:1)
  2 sphinxes
  A tengu reaver (Depths:3)
  5 storm dragons
  3 nagarajas (Snake:4)
  Donald (Swamp:4)
  2 draconian knights (Zot:1)
  3 thorn hunters
  A fenstrider witch (Swamp:3)
  2 draconian monks
  Roxanne (Snake:2)
  10 azure jellies
  A fire giant (Depths:4)
  12 rockslimes
  The ghost of Ness the Skirmisher, a journeyman GnWn of Zin (D:14)
  Aizul (Swamp:1)
  5 orc warlords
  A draconian scorcher (Zot:1)
  A deep elf sorcerer (Elf:3)
  An iron dragon (Depths:2)
  3 ghost moths
  A cacodemon (WizLab)
  A draconian shifter (Zot:1)
  7 vault wardens
  10 ironbound preservers
  2 curse skulls (Vaults:3)
  A draconian stormcaller (Zot:1)
  12 quicksilver oozes
  3 war gargoyles
  2 ironbound thunderhulks (Vaults:1)
  14 very ugly things
  Nessos (Lair:4)
  3 green draconians
  A vampire knight (Swamp:4)
  3 eleionomae
  4 black draconians
  2 deep elf demonologists
  7 dire elephants
  2 bunyips (Swamp:4)
  4 red draconians
  A white draconian (Zot:4)
  A deep elf annihilator (Elf:1)
  A deep elf death mage (Elf:3)
  An eidolon (Vaults:3)
  Snorg (D:14)
  A green death (WizLab)
  4 crystal guardians
  2 fire dragons
  2 deep elf high priests
  An ettin (Depths:1)
  3 shambling mangroves
  A blizzard demon (WizLab)
  2 vault guards (Vaults:3)
  A salamander tyrant (Snake:4)
  8 yaktaur captains
  3 great orbs of eyes
  16 hydras
  Erolcha (Orc:2)
  6 boulder beetles
  4 ice dragons
  4 ogre magi
  A hell beast (WizLab)
  Harold (D:10)
  9 centaur warriors
  6 peacekeepers
  A catoblepas (Lair:5)
  6 ironbound frosthearts
  20 two-headed ogres
  8 naga warriors
  3 alligators
  17 dancing weapons
  Erica (D:8)
  10 anacondas
  The ghost of unlimited1921 the Thaumaturge, a journeyman DjFE (Lair:1)
  4 tengu warriors
  An alligator (shapeshifter) (Lair:5)
  4 thrashing horrors (Lair:5)
  2 deep troll earth magi
  A deep troll shaman (Depths:4)
  7 naga sharpshooters
  6 shock serpents
  A vampire mage (Depths:1)
  3 orc high priests
  3 spriggans (Swamp:2)
  9 deep elf knights
  A hell knight (Depths:1)
  Sonja (Lair:3)
  The ghost of booth the Spear-Bearer, a novice DrAE of Ignis (D:8)
  2 iron trolls
  A sun demon (WizLab)
  7 salamander mystics
  A sixfirhy (D:5)
  3 shadow demons
  A goliath frog (Swamp:1)
  7 glowing orange brains
  A glowing orange brain (shapeshifter) (Elf:1)
  37 deep trolls
  4 spriggan druids
  2 flayed ghosts
  6 ironbound convokers
  4 wizards
  4 bog bodies
  9 deep elf archers
  A lindwurm (shapeshifter) (Elf:3)
  4 naga ritualists
  5 lindwurms
  10 deep elf zephyrmancers
  A mana viper (shapeshifter) (Lair:5)
  9 swamp dragons
  22 deep elf pyromancers
  A harpy (Vaults:1)
  2 necromancers
  A will-o-the-wisp (Swamp:2)
  2 orc sorcerers (Elf:3)
  2 oklob plants (Swamp:4)
  A wolf spider (D:13)
  8 orc knights
  26 ugly things
  8 mana vipers
  23 moths of wrath
  7 salamanders
  A manticore (D:12)
  3 shining eyes
  A human skeleton (Vaults:4)
  12 cyclopes
  A frost giant skeleton (Vaults:4)
  A moth of wrath (shapeshifter) (Elf:1)
  A worldbinder (Orc:1)
  25 elephants
  24 black mambas
  9 vault sentinels
  A centaur zombie (D:14)
  3 guardian serpents
  An eye of devastation (Slime:3)
  A gargoyle (D:12)
  3 ice statues (IceCv)
  7 naga magi
  3 rust devils
  A torpor snail (Lair:3)
  Maggie (D:8)
  A torpor snail (shapeshifter) (Depths:2)
  12 cane toads
  An orange demon (WizLab)
  2 smoke demons (Depths:1)
  An unseen horror (D:8)
  A kobold demonologist (D:14)
  A hellion (WizLab)
  4 rime drakes
  9 komodo dragons
  2 tormentors (WizLab)
  2 freezing wraiths
  3 ancient zymes
  29 yaktaurs
  A queen bee (D:13)
  13 trolls
  2 ice devils
  2 tengu conjurers (D:15)
  A red devil (WizLab)
  A death drake zombie (Swamp:4)
  A queen bee (shapeshifter) (Elf:1)
  9 meliai (D:14)
  A bloated husk (Swamp:1)
  7 tyrant leeches
  2 death drake skeletons (Swamp:4)
  8 hornets
  4 polar bears
  A troll (shapeshifter) (Lair:5)
  A hydra skeleton (Swamp:4)
  45 slime creatures
  29 blink frogs
  Prince Ribbit (D:8)
  2 centaur simulacra (D:13)
  14 water elementals
  A meliai zombie (D:14)
  53 yaks
  2 shadows (D:12)
  Sigmund (D:6)
  2 wraiths
  An elf simulacrum (Vaults:4)
  2 ynoxinuls
  14 fire elementals
  5 golden eyes
  5 basilisks
  10 small abominations (Lair:5)
  4 chaos spawn
  20 vampire mosquitoes
  3 neqoxecs
  A harpy simulacrum (IceCv)
  6 wargs
  9 swamp worms
  A swamp worm (shapeshifter) (Depths:2)
  22 nagas
  4 acid dragons
  An acid dragon (shapeshifter) (Depths:2)
  5 nameless horrors
  34 water moccasins
  5 hell hounds (Volcano)
  3 large abominations
  4 hydra simulacra
  A sky beast (D:7)
  3 swamp drakes
  2 ice beasts
  36 orc warriors
  A sky beast (shapeshifter) (Lair:5)
  2 black bears
  10 wolves
  8 centaurs
  26 ogres
  2 phantoms
  A kobold brigand (D:8)
  8 bullfrogs
  A necrophage (D:6)
  5 gnoll sergeants
  A cane toad simulacrum (IceCv)
  A scorpion (D:6)
  7 wights
  2 elephant simulacra (IceCv)
  21 killer bees
  11 howler monkeys
  A howler monkey (shapeshifter) (Depths:2)
  6 electric eels
  8 hounds
  6 jellies
  28 orc priests
  3 gnoll boudas
  2 iguanas (D:7)
  22 orc wizards
  A polar bear simulacrum (IceCv)
  A statue (D:8)
  Robin (D:3)
  25 gnolls
  27 adders
  3 white imps
  An ufetubus (D:5)
  2 worms
  A dart slug (D:4)
  66 orcs
  4 bats
  12 endoplasms
  6 giant cockroaches
  21 goblins
  9 hobgoblins
  3 jackals (D:5)
  2 quokkas
  11 ball pythons
  3 frilled lizards
  12 kobolds
  2 rats
  3 briar patches (Swamp:4)
1582 creatures vanquished.

Vanquished Creatures (collateral kills)
  2 dread liches (Zot:5)
  4 orbs of fire
  Mara (Elf:3)
  Josephina (Depths:3)
  The ghost of wormed the Slayer, a veteran HOFi of Okawaru (Elf:3)
  Parghit (Zot:2)
  2 Killer Klowns
  The ghost of LustLizard the Axe Maniac, a veteran MiMo of Cheibriados (Depths:2)
  8 golden dragons
  4 curse toes
  A bone dragon (Depths:4)
  10 tentacled monstrosities
  13 Orb Guardians (Zot:5)
  A Hell Sentinel (D:15)
  Asterion (Depths:1)
  A deep elf master archer (Elf:3)
  3 deep elf blademasters (Elf:3)
  2 titans (Depths:3)
  3 quicksilver dragons
  13 acid blobs
  A sphinx (Depths:2)
  5 death cobs
  9 eldritch tentacles
  4 shadow dragons
  11 draconian monks
  12 storm dragons
  A thorn hunter (Swamp:4)
  A rockslime (Depths:1)
  9 azure jellies
  2 nagarajas
  8 deep elf sorcerers
  3 fire giants
  3 frost giants
  7 draconian knights
  An orc warlord (Vaults:1)
  A ghost moth (Zot:2)
  Louise (Elf:3)
  7 draconian scorchers
  A fenstrider witch (Swamp:1)
  3 vault wardens
  2 balrugs
  A deep elf elementalist (Elf:3)
  3 cacodemons (Depths:2)
  7 draconian stormcallers
  8 draconian annihilators
  7 draconian shifters
  A demonspawn corrupter (D:15)
  7 very ugly things
  2 hydra skeletons (Swamp:4)
  A demonspawn blood saint (WizLab)
  6 ironbound preservers
  4 ironbound thunderhulks
  7 quicksilver oozes
  3 stone giants
  5 deep elf demonologists (Elf:3)
  17 green draconians
  12 black draconians
  A vampire knight (Swamp:4)
  19 red draconians
  24 white draconians
  3 spark wasps (Depths:2)
  12 yellow draconians
  A lorocyproca (D:4)
  6 deep elf annihilators
  An eleionoma (Swamp:1)
  7 dire elephants
  12 purple draconians
  A green death (WizLab)
  2 deep elf death magi
  2 ettins (Depths:2)
  3 merfolk impalers
  A fire dragon (Depths:1)
  2 shambling mangroves (Swamp:4)
  3 yaktaur captains
  2 deep elf high priests
  A vault guard (Vaults:4)
  7 great orbs of eyes
  A salamander tyrant (Snake:4)
  4 hydras
  A caustic shrike simulacrum (Depths:3)
  A boulder beetle (Vaults:1)
  A rakshasa (Depths:2)
  A juggernaut simulacrum (Depths:3)
  4 naga warriors (Snake:4)
  2 ice dragons
  4 ironbound frosthearts
  5 deep troll shamans
  3 spriggan air magi
  19 dancing weapons
  7 deep troll earth magi
  5 hell hogs
  4 tengu warriors
  4 naga sharpshooters (Snake:4)
  3 shock serpents (Snake:4)
  A soul eater (Depths:1)
  9 deep elf knights
  2 hell knights (Depths:1)
  A spriggan (Swamp:1)
  5 sun demons
  2 iron trolls (Depths:3)
  2 salamander mystics (Snake:4)
  A flayed ghost (Swamp:4)
  2 spriggan druids (Swamp:1)
  A phantasmal warrior (Swamp:4)
  32 deep trolls
  3 bog bodies
  7 orc knights
  2 wizards
  A shadow demon (D:15)
  A swamp dragon (Swamp:1)
  2 spectral hydras (Swamp:4)
  A tengu zombie (Vaults:4)
  18 deep elf zephyrmancers
  4 naga ritualists (Snake:4)
  4 ironbound convokers
  5 deep elf archers
  A necromancer (Depths:1)
  22 deep elf pyromancers
  2 harpies (Vaults:1)
  15 ugly things
  3 salamanders
  An oklob plant (Swamp:4)
  2 shining eyes
  A fire giant zombie (Depths:1)
  3 mana vipers
  6 will-o-the-wisps
  4 moths of wrath
  7 black mambas
  A stone giant skeleton (Depths:1)
  2 guardian serpents (Snake:4)
  5 vault sentinels
  5 smoke demons
  3 naga magi
  An orange demon (WizLab)
  A storm dragon simulacrum (Depths:3)
  A yaktaur zombie (Vaults:4)
  An eye of devastation (Slime:1)
  An efreet (Zot:3)
  16 yaktaurs
  4 freezing wraiths (Swamp:4)
  3 hellwings (WizLab)
  A spriggan skeleton (Depths:1)
  A tengu conjurer (Depths:2)
  An ice devil (WizLab)
  2 death drake zombies (Swamp:4)
  3 tyrant leeches
  A hornet (Swamp:1)
  A fire giant simulacrum (Depths:3)
  58 slime creatures
  7 water elementals
  An air elemental (Elf:2)
  2 ynoxinuls (WizLab)
  A fire bat (shapeshifter) (Depths:2)
  18 fire elementals
  A yak (Vaults:3)
  3 golden eyes (Slime:2)
  2 vampire mosquitoes (Swamp:3)
  A chaos spawn (WizLab)
  5 swamp worms
  16 nagas
  A hydra simulacrum (Swamp:4)
  A floating eye (shapeshifter) (Depths:2)
  7 orc warriors
  5 swamp drakes (Swamp:4)
  A floating eye zombie (Depths:1)
  A wolf (Vaults:3)
  An ogre (shapeshifter) (Depths:2)
  A swamp dragon zombie (Swamp:4)
  A boggart (shapeshifter) (Depths:2)
  2 earth elementals
  A glowing shapeshifter simulacrum (Depths:3)
  An orc priest (Elf:1)
  5 orcs
  A ball python (Depths:2)
  An endoplasm (shapeshifter) (Depths:2)
  A kobold (Depths:2)
  A quokka (shapeshifter) (Depths:2)
809 creatures vanquished.

Vanquished Creatures (others)
  71 eldritch tentacles
  A dancing weapon (Elf:3)
  A naga mage (Snake:1)
  A hornet (Swamp:2)
  A slime creature (Slime:2)
  A spriggan (Swamp:2)
  A worm (shapeshifter) (Depths:2)
  A briar patch (Swamp:4)
  A bush (Lair:5)
  18 foxfires
  32 fungi
  99 plants
  4 withered plants (Orc:2)
232 creatures vanquished.

Grand Total: 2623 creatures vanquished

Notes
Turn   | Place    | Note
-------+----------+-------------------------------------------
     0 | D:1      | wingedge the Gargoyle Earth Elementalist began the quest
                  | for the Orb.
     0 | D:1      | Reached XP level 1. HP: 10/10 MP: 3/3
   150 | D:1      | Reached XP level 2. HP: 16/16 MP: 0/5
   455 | D:1      | Reached skill level 1 in Fighting
   536 | D:1      | Reached XP level 3. HP: 20/20 MP: 3/6
   567 | D:1      | Learned a level 3 spell: Stone Arrow
  1106 | D:2      | Found Tuntilu's Book Boutique.
  1145 | D:2      | Reached skill level 1 in Conjurations
  1146 | D:2      | Reached XP level 4. HP: 26/26 MP: 1/8
  1750 | D:3      | Found a snail-covered altar of Cheibriados.
  1755 | D:3      | Became a worshipper of Cheibriados the Contemplative
  1806 | D:3      | Found a faded altar of an unknown god.
  1953 | D:3      | Noticed Robin
  2544 | D:3      | Killed Robin
  2545 | D:3      | Reached XP level 5. HP: 30/30 MP: 6/9
  2547 | D:3      | Reached * piety under Cheibriados
  2942 | D:4      | Reached skill level 1 in Invocations
  3045 | D:4      | Noticed an ogre
  3072 | D:4      | Killed an ogre
  3073 | D:4      | Reached XP level 6. HP: 35/35 MP: 10/12
  3092 | D:4      | Got the Grimoire of Discontinuous Ignition
  3118 | D:4      | Found an ornate altar of the Wu Jian Council.
  3448 | D:4      | Reached XP level 7. HP: 40/40 MP: 10/13
  3792 | D:4      | Learned a level 2 spell: Passwall
  3866 | D:5      | Entered Level 5 of the Dungeon
  3880 | D:4      | Reached ** piety under Cheibriados
  4059 | D:5      | Reached skill level 1 in Armour
  4196 | D:5      | Reached skill level 5 in Spellcasting
  4319 | D:5      | Found a staircase to the Ecumenical Temple.
  4487 | D:5      | Reached XP level 8. HP: 46/46 MP: 0/15
  4499 | D:5      | Reached skill level 5 in Earth Magic
  5532 | D:5      | Reached *** piety under Cheibriados
  6103 | D:6      | Reached skill level 5 in Fighting
  6161 | D:6      | Noticed Sigmund
  6165 | D:6      | Killed Sigmund
  6166 | D:6      | Reached XP level 9. HP: 54/54 MP: 13/18
  6306 | D:6      | Identified the amulet of Scepticism {Reflect rElec Regen+
                  | rCorr SH+5}
  6953 | D:7      | Reached skill level 5 in Invocations
  7914 | D:7      | Found a burning altar of Makhleb.
  7915 | D:7      | Found an opulent altar of Gozag.
  7915 | D:7      | Found a glowing silver altar of Zin.
  8387 | D:7      | Reached **** piety under Cheibriados
  8672 | D:7      | Found a sparkling altar of Nemelex Xobeh.
  8957 | D:8      | Found a large runed translucent door.
  8957 | D:8      | Found a large runed translucent door.
  8959 | D:8      | Noticed booth's ghost (novice DrAE)
  9008 | D:8      | Killed booth's ghost
  9009 | D:8      | Reached XP level 10. HP: 62/63 MP: 2/20
  9228 | D:2      | Bought a book of Blasting for 320 gold pieces
  9234 | D:2      | Learned a level 5 spell: Lee's Rapid Deconstruction
  9567 | D:8      | Found a radiant altar of Vehumet.
  9646 | D:8      | Found a hide-covered altar of Uskayaw.
  9750 | D:8      | Noticed Erica
  9755 | D:8      | Killed Erica
  9756 | D:8      | Reached skill level 10 in Earth Magic
  9857 | D:8      | Found a transporter.
  9901 | D:8      | Found a transporter.
 10166 | D:8      | Killed an unseen horror
 10168 | D:8      | Noticed Prince Ribbit
 10171 | D:8      | Killed Prince Ribbit
 10220 | D:8      | Noticed Maggie
 10232 | D:8      | Killed Maggie
 10485 | D:8      | Found a shimmering blue altar of Sif Muna.
 10492 | D:8      | Reached ***** piety under Cheibriados
 10756 | D:9      | Found a staircase to the Lair.
 10757 | D:9      | Noticed an elephant
 10768 | D:9      | Killed an elephant
 10769 | D:9      | Reached skill level 1 in Shields
 10936 | D:9      | Noticed a two-headed ogre
 10936 | D:9      | Noticed a two-headed ogre
 10941 | D:9      | Killed a two-headed ogre
 10942 | D:9      | Reached XP level 11. HP: 67/67 MP: 12/22
 10950 | D:9      | Killed a two-headed ogre
 11009 | D:9      | Noticed a two-headed ogre
 11014 | D:9      | Killed a two-headed ogre
 11160 | D:9      | Reached skill level 5 in Armour
 12517 | D:2      | Bought a book of Iron for 360 gold pieces
 12524 | D:2      | Learned a level 6 spell: Iron Shot
 12698 | D:10     | Entered Level 10 of the Dungeon
 12719 | D:10     | Found a staircase to the Orcish Mines.
 12745 | D:10     | Noticed a cyclops
 12750 | D:10     | Killed a cyclops
 12825 | D:10     | Noticed Gastronok
 12839 | D:10     | Killed Gastronok
 12840 | D:10     | Reached skill level 5 in Shields
 13002 | D:10     | Reached skill level 5 in Conjurations
 13058 | D:10     | Reached XP level 12. HP: 76/76 MP: 1/24
 13268 | D:10     | Found a white marble altar of Elyvilon.
 13724 | D:10     | Noticed Harold
 13751 | D:10     | Killed Harold
 14171 | Lair:1   | Entered Level 1 of the Lair of Beasts
 14176 | Lair:1   | Reached skill level 10 in Fighting
 14469 | Lair:1   | Reached ****** piety under Cheibriados
 15345 | Lair:1   | Found a large runed translucent door.
 15345 | Lair:1   | Found a large runed translucent door.
 15951 | Lair:1   | Noticed unlimited1921's ghost (journeyman DjFE)
 16000 | Lair:1   | Killed unlimited1921's ghost
 16151 | Lair:2   | Noticed an eight-headed hydra
 16155 | Lair:2   | Killed an eight-headed hydra
 16156 | Lair:2   | Reached XP level 13. HP: 82/82 MP: 13/26
 16429 | Lair:2   | Found a staircase to the Snake Pit.
 16453 | Lair:2   | Found a dark tunnel.
 16461 | Volcano  | Entered a volcano
 16470 | Volcano  | Learned a level 4 spell: Iskenderun's Mystic Blast
 16641 | Volcano  | Reached skill level 1 in Translocations
 16719 | Volcano  | Reached skill level 10 in Spellcasting
 16721 | Volcano  | Reached skill level 10 in Invocations
 17992 | Lair:3   | Reached skill level 1 in Short Blades
 18242 | Lair:3   | Reached skill level 10 in Conjurations
 19427 | Lair:3   | Noticed Sonja
 19454 | Lair:2   | Gained mutation: Your large and strong wings let you fly.
                  | [Gargoyle growth]
 19454 | Lair:2   | Reached XP level 14. HP: 85/88 MP: 6/28
 19559 | Lair:3   | Killed Sonja
 19813 | Lair:3   | Found a staircase to the Swamp.
 20518 | Lair:4   | Reached skill level 5 in Short Blades
 20967 | Lair:4   | Noticed Nessos
 20971 | Lair:4   | Killed Nessos
 21137 | Lair:4   | Found a staircase to the Slime Pits.
 21451 | Lair:4   | Found a viscous altar of Jiyva.
 21983 | Lair:5   | Entered Level 5 of the Lair of Beasts
 23368 | Lair:5   | Noticed a quicksilver ooze
 23513 | Lair:5   | Killed a quicksilver ooze
 24775 | Lair:5   | Reached XP level 15. HP: 92/92 MP: 16/29
 25197 | Lair:5   | Identified the +4 rapier "Budiff" {vamp, rElec rF++ rC-
                  | rN+}
 25205 | Lair:5   | Identified the +3 arbalest of Exhibitionism {speed, rF+
                  | Str-5 Dex+3}
 25218 | Lair:5   | Reached skill level 1 in Fire Magic
 25305 | Lair:5   | Found a corrupted altar of Lugonu.
 25305 | Lair:5   | Found a one-way gate to the infinite horrors of the Abyss.
 25911 | Orc:1    | Entered Level 1 of the Orcish Mines
 26057 | Orc:2    | Entered Level 2 of the Orcish Mines
 26057 | Orc:2    | Noticed Jorgrun
 26070 | Orc:1    | Killed Jorgrun
 28046 | Orc:2    | Noticed an orc warlord
 28056 | Orc:2    | Killed an orc warlord
 28282 | Orc:2    | Found Nuetz's Armour Boutique.
 28287 | Orc:2    | Found Mehuvu's Book Shop.
 28289 | Orc:2    | Found Sotutulu's Jewellery Shoppe.
 28430 | Orc:2    | Bought Great Wizards, Vol. II for 380 gold pieces
 28436 | Orc:2    | Learned a level 5 spell: Borgnjor's Vile Clutch
 28438 | Orc:2    | Found Hinidgho's Jewellery Boutique.
 28454 | Orc:2    | Found a runed translucent gate.
 28454 | Orc:2    | Found a runed translucent gate.
 28454 | Orc:2    | Found a runed translucent gate.
 28548 | Orc:2    | Noticed OhItsWolfy's ghost (journeyman GrHu)
 28548 | Orc:2    | Noticed iamoutofideas's ghost (journeyman HOBe)
 28623 | Orc:2    | Noticed Erolcha
 28625 | Orc:2    | Killed Erolcha
 28833 | Orc:2    | Found a staircase to the Elven Halls.
 28990 | Orc:2    | Learned a level 6 spell: Starburst
 29095 | Orc:2    | Noticed lotum's ghost (journeyman DsFi)
 29133 | Orc:1    | Noticed an orc warlord
 29137 | Orc:1    | Killed an orc warlord
 29670 | Orc:1    | Noticed Segg's ghost (adept GnSk)
 29671 | Orc:1    | Noticed an orc warlord
 29694 | Orc:1    | Found a transporter.
 29698 | Orc:1    | Found a transporter.
 30532 | Orc:1    | Reached skill level 1 in Necromancy
 30621 | Orc:1    | Killed an orc warlord
 30900 | Orc:1    | Killed Segg's ghost
 31444 | D:11     | Reached XP level 16. HP: 87/100 MP: 2/30
 31630 | D:11     | Got the Essays on the Dynamic Escort
 31639 | D:11     | Reached skill level 5 in Fire Magic
 32349 | D:12     | Found a glowing golden altar of the Shining One.
 33369 | D:13     | Found a frozen archway.
 33519 | IceCv    | Entered an ice cave
 34097 | D:13     | Learned a level 2 spell: Blink
 34489 | D:13     | Found a gate to the Vaults.
 34979 | D:14     | Found a runed translucent gate.
 34979 | D:14     | Found a runed translucent gate.
 34979 | D:14     | Found a runed translucent gate.
 34979 | D:14     | Noticed Ness's ghost (journeyman GnWn)
 34981 | D:14     | Found a basalt altar of Yredelemnul.
 35212 | D:14     | Killed Ness's ghost
 35443 | D:14     | Reached skill level 5 in Dodging
 35519 | D:14     | Found Ogar's Armour Boutique.
 35636 | D:14     | Reached skill level 1 in Summonings
 36168 | D:14     | You are sucked into a shaft and drop 1 floor!
 36168 | D:15     | Entered Level 15 of the Dungeon
 36181 | D:15     | Reached skill level 2 in Summonings
 36593 | D:15     | Reached skill level 3 in Summonings
 37347 | D:15     | Found a staircase to the Depths.
 37795 | D:14     | Noticed Snorg
 37801 | D:14     | Killed Snorg
 37802 | D:14     | Reached XP level 17. HP: 106/106 MP: 11/33
 37908 | D:14     | Reached skill level 4 in Summonings
 38541 | Snake:1  | Entered Level 1 of the Snake Pit
 38910 | Lair:2   | Learned a level 7 spell: Spellforged Servitor
 39095 | Snake:1  | Reached skill level 5 in Summonings
 39549 | Snake:1  | Reached skill level 6 in Summonings
 39810 | Snake:1  | Identified a scroll of acquirement
 39812 | Snake:1  | Acquired the +3 pair of mountain boots {steadfast, rC+}
 39812 | Snake:1  | Found the +3 pair of mountain boots {steadfast, rC+}
 40091 | Snake:2  | Found Kunewn's Book Emporium.
 40105 | Snake:2  | Noticed Roxanne
 40109 | Snake:2  | Killed Roxanne
 40634 | Snake:2  | Reached skill level 7 in Summonings
 41106 | Snake:3  | Identified the +6 rapier of Deformation {drain, rElec rN++
                  | Str-5 Int+3}
 41364 | Snake:3  | Reached skill level 8 in Summonings
 42180 | Snake:3  | Reached skill level 9 in Summonings
 42692 | Snake:4  | Entered Level 4 of the Snake Pit
 43235 | Snake:4  | Found Girosar's Antique Weapon Shoppe.
 43236 | Snake:4  | Found Ecvaok's Magic Scroll Emporium.
 43236 | Snake:4  | Found Huomp's Armour Shoppe.
 43260 | Snake:4  | Found Qeceruj's Distillery.
 43327 | Snake:4  | Reached skill level 10 in Summonings
 43560 | Snake:4  | Reached XP level 18. HP: 95/112 MP: 16/35
 43753 | Snake:2  | Bought a Grand Grimoire for 442 gold pieces
 44255 | Snake:4  | Reached skill level 5 in Translocations
 44493 | Snake:4  | Got a serpentine rune of Zot
 44931 | Swamp:1  | Entered Level 1 of the Swamp
 44931 | Swamp:1  | Noticed Aizul
 44938 | Swamp:1  | Killed Aizul
 47606 | Swamp:3  | Reached skill level 11 in Summonings
 47801 | Swamp:3  | Reached XP level 19. HP: 119/119 MP: 8/36
 48298 | Swamp:3  | Identified the +2 pair of gloves of the Scorching Gods
                  | {rF+++ Will- Str-5 Dex+3}
 48298 | Swamp:3  | Noticed Nikola
 48308 | Swamp:3  | Killed Nikola
 48497 | Swamp:4  | Entered Level 4 of the Swamp
 49281 | Swamp:4  | Noticed Donald
 49294 | Swamp:4  | Killed Donald
 49601 | Swamp:4  | Reached skill level 10 in Shields
 49607 | Swamp:4  | Reached skill level 10 in Armour
 49635 | Swamp:4  | Found a blossoming altar of Fedhas.
 49722 | Swamp:4  | Got a decaying rune of Zot
 49741 | Swamp:4  | Found a basalt altar of Yredelemnul.
 50306 | Vaults:1 | Entered Level 1 of the Vaults
 50862 | Vaults:1 | Reached skill level 12 in Summonings
 51170 | Orc:2    | Bought a ring of see invisible for 240 gold pieces
 52125 | Vaults:1 | Found a runed translucent gate.
 52125 | Vaults:1 | Found a runed translucent gate.
 52125 | Vaults:1 | Found a runed translucent gate.
 52127 | Vaults:1 | Noticed SirLogeyBear's ghost (adept HOBe)
 52129 | Vaults:1 | Found the +8 Vampire's Tooth {vamp}
 52824 | Vaults:2 | Reached XP level 20. HP: 127/127 MP: 9/37
 53594 | Vaults:2 | Reached skill level 13 in Summonings
 53771 | Vaults:2 | Learned a level 7 spell: Malign Gateway
 54082 | Vaults:2 | Found Giajy's Weapon Emporium.
 54370 | Vaults:3 | Found a magical portal.
 54379 | WizLab   | Entered The Hall of the Hellbinder
 54953 | WizLab   | Noticed Yclailu
 54958 | WizLab   | Killed Yclailu the Hellbinder
 54999 | WizLab   | Found a burning altar of Makhleb.
 55062 | WizLab   | Got Mara's Disquisition on the Comitatus
 55063 | WizLab   | Identified the ring of Wiozasm {Int+6 Dex+7 SInv}
 55074 | WizLab   | Identified the +8 broad axe of Yprairegg {drain, Fly Int+3
                  | Dex-3}
 55123 | Vaults:3 | Identified the +1 swamp dragon scales "Codadil" {rPois
                  | Str+4 Int+3}
 55884 | Vaults:3 | Reached XP level 21. HP: 132/132 MP: 5/39
 56247 | Vaults:3 | Reached skill level 15 in Spellcasting
 56926 | Vaults:3 | Found a staircase to the Crypt.
 57122 | Vaults:4 | Reached skill level 10 in Translocations
 57448 | Vaults:4 | Reached skill level 14 in Summonings
 57794 | Vaults:4 | Reached skill level 15 in Fighting
 59211 | Elf:1    | Entered Level 1 of the Elven Halls
 59275 | Elf:1    | Reached XP level 22. HP: 120/141 MP: 28/41
 59392 | Elf:1    | Found a flickering gateway to a bazaar.
 59462 | Bazaar   | Entered a bazaar
 59630 | Bazaar   | Found Ypitubusou's Book Shoppe.
 59638 | Bazaar   | Found Ofenaigo's Distillery.
 59649 | Bazaar   | Found Riwont's Antique Weapon Boutique.
 59665 | Bazaar   | Found Hiyvuy Enor's Antique Armour Emporium.
 59665 | Bazaar   | Found Majuneb's General Store.
 59703 | Bazaar   | Bought a manual of Fighting for 1200 gold pieces
 59711 | Bazaar   | Bought a potion of brilliance for 64 gold pieces
 59711 | Bazaar   | Bought a potion of invisibility for 128 gold pieces
 59970 | Elf:1    | Reached skill level 15 in Summonings
 60088 | Elf:1    | Identified the amulet of Dej His {Spirit Str-5 Dex+6}
 60959 | Elf:2    | Found a portal to a secret trove of treasure.
 61046 | Elf:2    | Found a runed translucent gate.
 61047 | Elf:2    | Found a runed translucent gate.
 61047 | Elf:2    | Found a runed translucent gate.
 61085 | Elf:2    | Reached skill level 10 in Dodging
 61643 | Elf:3    | Entered Level 3 of the Elven Halls
 61673 | Elf:3    | Noticed Mara
 61675 | Elf:3    | Noticed wingedge's illusion
 61680 | Elf:3    | Killed Mara
 61707 | Elf:3    | Found a flickering gateway to a bazaar.
 61721 | Elf:3    | Found a runed translucent gate.
 61722 | Elf:3    | Found a runed translucent gate.
 61722 | Elf:3    | Noticed wormed's ghost (veteran HOFi)
 61724 | Elf:3    | Found a runed translucent gate.
 61736 | Elf:3    | Killed wormed's ghost
 61783 | Bazaar   | Entered a bazaar
 61806 | Bazaar   | Found Iram's Jewellery Boutique.
 61860 | Bazaar   | Found Caggyrim's Magic Scroll Emporium.
 61868 | Bazaar   | Bought 2 scrolls of blinking for 165 gold pieces
 61868 | Bazaar   | Bought a scroll of amnesia for 44 gold pieces
 61868 | Bazaar   | Bought a scroll of magic mapping for 82 gold pieces
 61868 | Bazaar   | Bought a scroll of summoning for 104 gold pieces
 61909 | Bazaar   | Found Onagg's Assorted Antiques.
 61970 | Bazaar   | Found Jeeh's Jewellery Emporium.
 62084 | Bazaar   | Bought the amulet of Budgh {rPois rC+ Will+ Regen+ Int-4}
                  | for 454 gold pieces
 62134 | Elf:3    | Noticed Louise
 62142 | Elf:3    | Killed Louise
 62314 | Elf:3    | Found Kaifouse's Jewellery Boutique.
 62421 | Elf:3    | Found Meimana's General Store.
 62709 | Elf:3    | Found Zofic's Assorted Antiques.
 63058 | Elf:3    | Reached XP level 23. HP: 139/151 MP: 25/42
 63367 | Elf:3    | Found the +8 mithril axe "Arga" {speed, Will+}
 63369 | Elf:3    | Identified the +8 shortbow "Doasim" {speed, Dex+3}
 63379 | Elf:3    | Got Sif Muna's Vademecum on Intoxication
 63385 | Elf:3    | Identified the +5 scale mail of Disaster {Regen+}
 63391 | Elf:3    | Identified the +0 ring mail "Hiylig" {*Corrode rN++ Slay-4
                  | SInv}
 63393 | Elf:3    | Identified the +2 helmet of Lifelessness {rPois rF+}
 63397 | Elf:3    | Identified the +0 longbow "Ulaofim" {vorpal, rF+ Will+
                  | Int-3}
 63440 | Elf:3    | Identified the +0 ring mail "Erijan" {rC+ Regen+}
 63473 | Elf:3    | Identified the +1 scale mail of Hubris {rF+}
 63536 | Elf:3    | Learned a level 8 spell: Summon Horrible Things
 63953 | Slime:1  | Entered Level 1 of the Pits of Slime
 63957 | Slime:1  | Reached skill level 10 in Short Blades
 64152 | Slime:2  | Reached skill level 16 in Summonings
 65786 | Slime:3  | Reached skill level 17 in Summonings
 67151 | Slime:5  | Entered Level 5 of the Pits of Slime
 67520 | Slime:5  | Noticed the Royal Jelly
 67725 | Slime:5  | Killed the Royal Jelly
 67726 | Slime:5  | Reached skill level 18 in Summonings
 68311 | Slime:5  | Found the +10 tower shield of Ignorance {rN+ Int-4}
 68316 | Slime:5  | Got a slimy rune of Zot
 68348 | Slime:5  | Identified the ring of Spite {rPois Int+4 Stlth+}
 68350 | Slime:5  | Identified the +10 plate armour "Teziuteo" {rElec Str+3
                  | Int+3 Stlth+}
 68352 | Slime:5  | Identified the +0 leather armour of Moral Flaws {Regen+
                  | Str-3 Slay+2}
 69310 | Depths:1 | Entered Level 1 of the Depths
 69466 | Depths:1 | Reached XP level 24. HP: 161/161 MP: 31/42
 69726 | Depths:1 | Found a gateway to Hell.
 69818 | Depths:1 | Noticed Asterion
 69825 | Depths:1 | Killed Asterion
 69953 | Depths:1 | Noticed Bai Suzhen
 69964 | Depths:1 | Killed Bai Suzhen
 70121 | Depths:1 | Found a runed translucent door.
 70161 | Depths:1 | Reached skill level 19 in Summonings
 70610 | Depths:2 | Found a runed translucent gate.
 70610 | Depths:2 | Found a runed translucent gate.
 70610 | Depths:2 | Found a runed translucent gate.
 70982 | Depths:2 | Found a runed translucent gate.
 70982 | Depths:2 | Found a runed translucent gate.
 70984 | Depths:2 | Reached skill level 20 in Summonings
 70984 | Depths:2 | Reached XP level 25. HP: 168/168 MP: 42/42
 70989 | Depths:2 | Reached XP level 26. HP: 174/174 MP: 42/42
 70990 | Depths:2 | Reached skill level 21 in Summonings
 70990 | Depths:2 | Reached XP level 27. HP: 179/179 MP: 42/42
 70990 | Depths:2 | Noticed LustLizard's ghost (veteran MiMo)
 71002 | Depths:2 | Learned a level 9 spell: Dragon's Call
 71017 | Depths:2 | Found a runed translucent gate.
 71050 | Depths:2 | Killed LustLizard's ghost
 71059 | Depths:2 | Identified the +1 pair of gloves "Wiyriuhaq" {rN+}
 71397 | Depths:2 | Identified the +5 scale mail "Sapic" {rElec Will- Dex+4}
 71746 | Depths:2 | Found a one-way gate leading to the halls of Pandemonium.
 71815 | Depths:2 | Found a shimmering altar of Xom.
 72002 | Depths:3 | Reached skill level 22 in Summonings
 72318 | Depths:3 | Found Ussosm's Weapon Emporium.
 72436 | Depths:3 | Found an ornate altar of the Wu Jian Council.
 72436 | Depths:3 | Found a bloodstained altar of Trog.
 72438 | Depths:3 | Found a glowing silver altar of Zin.
 72438 | Depths:3 | Found a shimmering altar of Xom.
 72583 | Depths:3 | Identified the ring of Guuludd {Ice rN++ Int+4}
 72583 | Depths:3 | Noticed Josephina
 72589 | Depths:3 | Killed Josephina
 72710 | Depths:3 | Got Sif Muna's Lessons on Jinxing and Toxicity
 72861 | Depths:3 | Found an ancient bone altar of Kikubaaqudgha.
 72989 | Depths:4 | Entered Level 4 of the Depths
 73000 | Depths:4 | Noticed Vv
 73005 | Depths:4 | Killed Vv
 73312 | Depths:4 | Identified the +6 scale mail "Coj Icwu" {rN+ Will+ Dex-4}
 73489 | Depths:4 | Found a gate to the Realm of Zot.
 73497 | Depths:4 | Found a one-way gateway to a ziggurat.
 73957 | Zot:1    | Entered Level 1 of the Realm of Zot
 74612 | Zot:1    | Found a transporter.
 74627 | Zot:1    | Noticed Toelubet's ghost (veteran CeHu)
 74631 | Zot:1    | Identified the ring of Paranoia {rPois Dex+6}
 74632 | Zot:1    | Found a transporter.
 74908 | Zot:1    | Reached skill level 15 in Shields
 75397 | Zot:1    | Found a burning altar of Makhleb.
 75400 | Zot:1    | Got Sif Muna's Volume of the Zealot
 76382 | Zot:2    | Noticed Parghit
 76597 | Zot:2    | Noticed an orb of fire
 76603 | Zot:2    | Killed an orb of fire
 76610 | Zot:2    | Reached skill level 15 in Armour
 76867 | Zot:2    | Killed Parghit
 77285 | Zot:3    | Noticed an orb of fire
 77291 | Zot:3    | Killed an orb of fire
 78239 | Zot:2    | Reached skill level 23 in Summonings
 81142 | Zot:4    | Reached skill level 24 in Summonings
 82576 | Zot:4    | Noticed an orb of fire
 82588 | Zot:4    | Gained mutation: You are weak. (Str -2) [an orb of fire]
 82589 | Zot:4    | Killed an orb of fire
 82965 | Zot:5    | Entered Level 5 of the Realm of Zot
 83848 | Zot:5    | Noticed an orb of fire
 83849 | Zot:5    | Gained mutation: Your magical capacity is low. (-10% MP)
                  | [an orb of fire]
 83853 | Zot:5    | Gained mutation: You sometimes lose your temper in combat.
                  | [an orb of fire]
 83857 | Zot:5    | Killed an orb of fire
 84023 | Zot:5    | Lost mutation: You sometimes lose your temper in combat.
                  | [potion of mutation]
 84023 | Zot:5    | Lost mutation: You are weak. (Str -2) [potion of mutation]
 84023 | Zot:5    | Lost mutation: Your magical capacity is low. (-10% MP)
                  | [potion of mutation]
 84023 | Zot:5    | Gained mutation: You are frail. (-10% HP) [potion of
                  | mutation]
 84023 | Zot:5    | Gained mutation: You passively map a small area around you.
                  | [potion of mutation]
 84023 | Zot:5    | Gained mutation: You occasionally shout uncontrollably at
                  | your foes. [potion of mutation]
 84024 | Zot:5    | Lost mutation: You passively map a small area around you.
                  | [potion of mutation]
 84024 | Zot:5    | Lost mutation: You occasionally shout uncontrollably at
                  | your foes. [potion of mutation]
 84024 | Zot:5    | Gained mutation: Your flesh is heat resistant. (rF+)
                  | [potion of mutation]
 84024 | Zot:5    | Gained mutation: Your muscles are strong. (Str +4, Int/Dex
                  | -1) [potion of mutation]
 84024 | Zot:5    | Gained mutation: You possess an exceptional clarity of
                  | mind. [potion of mutation]
 84066 | Zot:5    | Noticed an orb of fire
 84072 | Zot:5    | Killed an orb of fire
 84076 | Zot:5    | Noticed a dread lich
 84080 | Zot:5    | Noticed an orb of fire
 84086 | Zot:5    | Killed an orb of fire
 84088 | Zot:5    | Killed a dread lich
 84115 | Zot:5    | Noticed a dread lich
 84124 | Zot:5    | Killed a dread lich
 84443 | Zot:5    | Got the Orb of Zot
 84470 | Zot:5    | Noticed a dread lich
 84475 | Zot:5    | Killed a dread lich
 85025 | D:$      | Escaped with the Orb!

Illustrated notes

Levels and vault maps discovered:
D:1:      amcnicky_arrival_abandoned_market, layout_rooms
D:2:      layout_basic, serial_shops, shop
D:3:      layout_loops_ring, cheibriados_altar_1,
          shapermc_ecumenical_altar_totnotflames, uniq_robin
D:4:      layout_rooms, nzn_wu_jian_contemplation, minmay_surrounded
D:5:      layout_cave_pools, minmay_temple_entry_junction, serial_gnoll_camp,
          gnoll_camp_mini_hut, gnoll_camp_mini_basic, gnoll_camp_medium_02,
          gnoll_camp_mini_hut, gnoll_camp_mini_loothouse, minmay_manual_mess
D:6:      layout_basic, lemuel_flamethrower_1, uniq_sigmund
D:7:      layout_layer_cave, nemelex_dance_club_becter,
          chequers_temple_overflow_statue_of_worship,
          minmay_fractal_squares_diagonal_5
D:8:      gammafunk_steamed_eel, layout_basic, kennysheep_orc_sif_temple,
          vehumet_statue, lemuel_tele_altar, ebering_ghost_disaster_area,
          dreamdust_mushroom_princess, hangedman_abyss_or_decor_lesser_grid,
          kennysheep_generic_room_16, uniq_maggie, uniq_prince_ribbit1,
          uniq_erica
D:9:      layout_grid_maze, david_lair_generic
D:10:     layout_basic, mainiacjoe_overflow_24_doors, erik_orc_4, minivault_4,
          corexii_leaking_fountain, uniq_gastronok, uniq_harold
D:11:     layout_rooms
D:12:     layout_roguey, tso_metal_star
D:13:     kennysheep_blocky_room, layout_basic, erik_vaults_1, serial_ice,
          serial_ice_o, serial_ice_h, serial_ice_g, serial_ice_n,
          portal_ice_cave_entry_pillars_2
D:14:     layout_loops_ring, special_room [special_room_bee], serial_shops,
          shop, serial_aquarium, aquarium_bridge_square
          [aquarium_subvault_bridge, aquarium_subvault_window,
          aquarium_subvault_wall, aquarium_subvault_bridge],
          aquarium_window_fake, aquarium_window_corner, aquarium_window_2,
          aquarium_view_2c, aquarium_view_2a, grunt_decor_cap,
          nicolae_yredelemnul_ghost_church, uniq_snorg
D:15:     grunt_enter_depths_hoard, layout_gridville, minmay_misc_feat_room,
          gauntlet_entry_generic
Lair:1:   layout_regular_city, ebering_ghost_disaster_area, grunt_megastairs_3,
          lemuel_fruit_tree, serial_bayou_shore_a
Lair:2:   layout_gridlike, guppyfry_snake_entry_garden,
          lightli_volcano_entry_magma_tube
Lair:3:   lemuel_reptile_caves, layout_chaotic_city,
          nicolae_swamp_entry_splash_gauntlet, minmay_hedge_maze,
          grunt_megastairs_1, uniq_sonja
Lair:4:   layout_cellular_growth, slime_entry_1, uniq_nessos
Lair:5:   hellmonk_lair_end_abyssal_woods, layout_cave_pods,
          nicolae_lair_time_for_slime
Swamp:1:  nicolae_swamp_standing_stones, layout_falls_marsh,
          hangedman_swamp_diagram, nzn_swamp_dancing_lights, uniq_aizul
Swamp:2:  nicolae_swamp_ascending_descending, layout_basic_swamp,
          nicolae_swamp_tree_isthmus
Swamp:3:  layout_basic_swamp, nicolae_swamp_bean_lake, uniq_nikola
Swamp:4:  byrel_swamp_growth_death_and_undeath, layout_basic_swamp, swamp_pool4,
          uniq_donald
Snake:1:  layout_cave_shapes
Snake:2:  layout_misc_corridors, serial_shops, nicolae_stop_n_shop_2,
          grunt_megastairs_5, uniq_roxanne
Snake:3:  layout_basic
Snake:4:  johnstein_snake_rune_scales, layout_onion_interference,
          minmay_shoptagon
Slime:1:  layout_caves
Slime:2:  layout_caves
Slime:3:  cheibrodos_slime_lost_civilization_10, layout_caves
Slime:4:  nicolae_slime_pool, layout_caves
Slime:5
Orc:1:    layout_caves, gammafunk_ghost_abyssal_escape
Orc:2:    st_orc_open, layout_diamond_mine, gammafunk_ghost_cemetery,
          uniq_jorgrun, uniq_erolcha
Elf:1:    minmay_elf_arrival_circle, layout_rooms, serial_shops,
          bzr_in_the_mist, hangedman_elf_represent, lemuel_flame_loot_1
Elf:2:    nicolae_elf_blades_crystal_corner, layout_rooms,
          nicolae_trove_entry_isolated
Elf:3:    minmay_elf_hall_furrowed, layout_onion_city, serial_shops,
          bzr_entry_water, nicolae_square_shop, shop_coins, shop,
          ebering_ghost_rock_garden, uniq_mara, uniq_louise
Vaults:1: gammafunk_ghost_split, vaults_room_pools, v_misc_10, v_alt_pattern_5,
          hangedman_vaults_nodes, nicolae_vaults_theta, v_misc_11,
          grunt_vaults_funnel, ontoclasm_vaults_chip,
          ontoclasm_vaults_loading_screen, nicolae_vaults_asterisk,
          layout_vaults_big_room
Vaults:2: nicolae_vaults_three_branches, ontoclasm_vaults_misaligned,
          grunt_vaults_hallway_long, vaults_room_fours, v_misc_9,
          nicolae_vaults_branching_niches, vaults_mumra_chevron, v_misc_13,
          v_misc_24, vaults_dpeg_encased_lava, grunt_vaults_hallway_short,
          nicolae_vaults_little_squares_4, vaults_dpeg_diagonal,
          layout_vaults_ring, serial_shops, nicolae_shop_bloodbath_and_beyond
Vaults:3: mu_enter_wizlab_3, nicolae_vaults_network_s,
          vaults_standard_mumra_enter_the_diamond, v_misc_2, serial_ice_g,
          minmay_crypt_entry_simple_walls, ontoclasm_vaults_eye, v_misc_23,
          layout_vaults_quadrants
Vaults:4: nicolae_vaults_rhombus_7, special_room_vaults [special_room_orc],
          vaults_room_corners, nicolae_vaults_network_quinsquares
          [nicolae_vaults_network_quincunx_subvault,
          nicolae_vaults_network_quincunx_subvault,
          nicolae_vaults_network_quincunx_subvault,
          nicolae_vaults_network_quincunx_subvault], v_rooms_6,
          nicolae_vaults_big_angled_halls, vaults_room_stairs_pillars,
          ontoclasm_vaults_shuriken, nicolae_vaults_arrows,
          nicolae_vaults_bisected_inception, v_misc_26, v_pattern_2,
          layout_vaults_maze_bifur
Depths:1: layout_cave_pools, hellmouth_3, minmay_acid_items,
          infiniplex_staircase_pool_lava, uniq_asterion, uniq_bai_suzhen
Depths:2: cross_vault, layout_small_grid, grunt_hell_entry_dis_mu,
          kennysheep_cross_room, ploomutoo_gammafunk_ghost_potion_laboratory,
          abyss_entry, pan_entry, tgw_xom, infiniplex_staircase_pillars_1
Depths:3: minmay_the_grid_octo_2x2 [minmay_the_grid_octo_empty,
          minmay_the_grid_octo_thin_diamonds, minmay_the_grid_octo_shrine,
          minmay_the_grid_octo_prize_single_spiral], layout_cave_pools,
          serial_shops, shop, hell_entry, abyss_entry,
          nicolae_kikubaaqudgha_miasma_corner, kennysheep_nub,
          serial_bayou_lagoon_a, serial_bayou_shore_b, uniq_josephina
Depths:4: evilmike_zot_entry_basic, layout_cave_pools, enter_ziggurat_a,
          rand_demon_pan_entry_7, abyss_entry, serial_sigils,
          serial_sigils_hangedman_scratch, serial_sigils_hangedman_snap,
          serial_sigils_hangedman_etch, serial_sigils_hangedman_leer,
          serial_sigils_hangedman_quiver, hell_entry, uniq_vv
Zot:1:    nicolae_zot_draconian_monastery, layout_basic, gammafunk_ghost_arena
Zot:2:    layout_onion_interference, uniq_parghit
Zot:3:    lemuel_firehouse, layout_cathedral_of_symmetry
Zot:4:    kennysheep_room_grid, layout_onion_interference,
          st_small_dragon_hoard_1
Zot:5:    layout_basic

Skill      XL: |  1  2  3  4  5  6  7  8  9 10 11 12 13 14 15 16 17 18 19 20 21 22 23 24 25 26 27 |
---------------+----------------------------------------------------------------------------------+-----
Fighting       | 1 2 3 5 7 9 10 11 12 13 14 15 17 19 20 22 | 22.0
Earth Magic    | 4 6 8 11 12 13 | 13.0
Dodging        | 2 3 4 5 6 7 9 10 12 | 12.1
Conjurations   | 1 2 3 4 5 8 10 13 14 | 14.0
Spellcasting   | 3 4 5 6 7 8 9 10 12 13 14 15 | 15.0
Invocations    | 2 3 4 6 7 9 10 12 13 14 | 14.0
Armour         | 2 3 5 6 7 9 10 12 18 | 18.0
Shields        | 2 5 6 7 9 10 11 12 18 | 18.0
Translocations | 4 6 7 9 10 | 10.0
Short Blades   | 4 8 9 10 | 10.0
Fire Magic     | 4 6 |  6.0
Necromancy     | 1 3 |  3.0
Summonings     | 3 10 11 12 13 14 15 18 20 21 24 | 24.0
Stealth        | |  2.1
Transmutations | |  0.7

Action                   |  1- 3 |  4- 6 |  7- 9 | 10-12 | 13-15 | 16-18 | 19-21 | 22-24 | 25-27 || total
-------------------------+-------+-------+-------+-------+-------+-------+-------+-------+-------++-------
Melee: Dagger            |    19 |     9 |       |       |       |       |       |       |       ||    28
       Trident           |       |    11 |    71 |     2 |       |       |       |       |       ||    84
       Punch             |       |       |     1 |       |       |       |       |       |       ||     1
       Scimitar          |       |       |       |   197 |     5 |       |       |       |       ||   202
       Rapier            |       |       |       |       |   562 |   236 |   126 |   145 |   317 ||  1386
       Staff             |       |       |       |       |    33 |     1 |       |     2 |     1 ||    37
Throw: Javelin           |       |     2 |     1 |       |       |       |       |       |       ||     3
       Dart              |       |     1 |     2 |     4 |       |       |       |       |       ||     7
       Boomerang         |       |       |     2 |     1 |     2 |       |       |       |       ||     5
       Throwing net      |       |       |       |     2 |       |       |       |       |       ||     2
 Cast: Sandblast         |    41 |    66 |     8 |     1 |       |       |       |       |       ||   116
       Stone Arrow       |       |     4 |   110 |   112 |    89 |    13 |       |       |       ||   328
       Passwall          |       |       |     2 |       |       |       |       |       |       ||     2
       Lee's Rapid Decon |       |       |       |    56 |    87 |    60 |   123 |    65 |    39 ||   430
       Iskenderun's Myst |       |       |       |       |     6 |    10 |       |       |       ||    16
       Iron Shot         |       |       |       |       |   195 |   191 |    77 |    92 |    74 ||   629
       Starburst         |       |       |       |       |     3 |    33 |    17 |    11 |     4 ||    68
       Borgnjor's Vile C |       |       |       |       |     2 |    62 |   133 |    68 |    50 ||   315
       Spellforged Servi |       |       |       |       |       |    39 |    78 |    65 |    51 ||   233
       Blink             |       |       |       |       |       |     1 |       |     9 |     1 ||    11
       Malign Gateway    |       |       |       |       |       |       |     6 |    55 |    19 ||    80
       Summon Horrible T |       |       |       |       |       |       |       |     8 |       ||     8
       Dragon's Call     |       |       |       |       |       |       |       |       |    49 ||    49
Invok: Bend Time         |       |       |       |     1 |       |       |       |     1 |       ||     2
       Slouch            |       |       |       |       |     6 |     1 |     1 |       |       ||     8
       Temporal Distorti |       |       |       |       |     2 |       |     1 |     2 |       ||     5
       Step From Time    |       |       |       |       |       |       |     2 |     1 |       ||     3
Evoke: Wand              |       |       |     2 |       |     7 |     4 |       |       |     2 ||    15
       Box of beasts     |       |       |       |       |       |       |       |     1 |       ||     1
       Phantom mirror    |       |       |       |       |       |       |       |       |     1 ||     1
  Use: Potion            |       |     1 |       |     1 |     5 |     5 |     5 |     7 |     9 ||    33
       Scroll            |       |       |     6 |     7 |     6 |    21 |    13 |     9 |     6 ||    68
 Stab: Invisible         |       |     2 |       |       |       |       |       |       |     1 ||     3
       Sleeping          |       |     2 |     1 |       |     1 |       |       |       |     1 ||     5
       Distracted        |       |       |       |       |       |     1 |     1 |     6 |    18 ||    26
Armor: Robe              |    13 |     7 |       |       |       |    53 |   111 |   205 |     8 ||   397
       Animal skin       |       |    12 |     6 |       |       |       |       |       |       ||    18
       Ring mail         |       |       |    84 |     6 |       |       |       |     2 |       ||    92
       Swamp dragon scal |       |       |       |    34 |       |       |       |       |       ||    34
       Acid dragon scale |       |       |       |    62 |    45 |       |       |       |       ||   107
       Leather armour    |       |       |       |       |   292 |   143 |       |       |       ||   435
       Scale mail        |       |       |       |       |     4 |       |       |       |   163 ||   167
Dodge: Dodged            |    38 |    33 |    79 |   151 |   530 |   264 |   222 |   343 |   237 ||  1897
Block: Other             |       |       |    12 |     2 |       |       |       |       |       ||    14
       Reflection        |       |       |     4 |     6 |     7 |    71 |    42 |    40 |     2 ||   172
       Kite shield       |       |       |       |   233 |   914 |   551 |   226 |   419 |   456 ||  2799
